 Dungeon Crawl Stone Soup version 0.24-a0-170-gd8427f5 (webtiles) character file.

Game seed: 12553247348216983691

61 Borgoz the Cutter (level 4, -10/27 HPs)
             Began as a Gargoyle Gladiator on Mar 8, 2019.
             Mangled by an ogre
             ... wielding a +0 giant spiked club
              (21 damage)
             ... on level 2 of the Dungeon.
             The game lasted 00:01:22 (984 turns).

Borgoz the Cutter (Gargoyle Gladiator)               Turns: 984, Time: 00:01:22

Health: -10/27     AC:  7    Str: 18    XL:     4   Next: 7%
Magic:  4/4        EV: 12    Int:  9    God:
Gold:   79         SH:  0    Dex: 11    Spells: 3/3 levels left

rFire    . . .     SeeInvis .   a - +0 rapier
rCold    . . .     Gourm    .   (no shield)
rNeg     + . .     Faith    .   b - +0 leather armour
rPois    ∞         Spirit   .   c - +0 helmet
rElec    +         Reflect  .   (no cloak)
rCorr    .         Harm     .   (no gloves)
MR       .....                  (no boots)
Stlth    +.........             (no amulet)
HPRegen  0.09/turn              (no ring)
MPRegen  0.09/turn              (no ring)

@: hasted, very quick
A: negative energy resistance 1, electricity resistance, unbreathing,
petrification resistance, rot immunity, AC +3
a: no special abilities


You were on level 2 of the Dungeon.
You were not hungry.

You visited 1 branch of the dungeon, and saw 2 of its levels.

You collected 79 gold pieces.

Inventory:

Hand Weapons
 a - a +0 rapier (weapon)
Missiles
 d - 3 throwing nets (quivered)
Armour
 b - a +0 leather armour (worn)
 c - a +0 helmet (worn)
Jewellery
 i - an uncursed ring of flight {unknown}
Scrolls
 h - 2 scrolls of identify {unknown}
 k - a scroll of magic mapping {unknown}
Potions
 g - a potion of heal wounds {unknown}
Comestibles
 f - 3 rations
 j - 4 chunks of flesh


   Skills:
 + Level 2.7 Fighting
 * Level 3.3 Short Blades
 - Level 1.7 Throwing
 + Level 1.2 Armour
 * Level 3.0 Dodging


You had 3 spell levels left.
You didn't know any spells.
Your spell library was empty.

Dungeon Overview and Level Annotations

Branches:
Dungeon (2/15)

Altars:


Innate Abilities, Weirdness & Mutations

You are resistant to torment.
Your stone body is resilient. (AC +3)
You are immune to poison.
You resist negative energy. (rN+)
You are resistant to electric shocks. (rElec)
You can survive without breathing.
You are immune to petrification.
You are immune to rotting.


Message History

You see here an adder corpse.
You hit the kobold.
The kobold is moderately wounded.
The kobold barely misses you.
You hit the kobold.
You kill the kobold!
You hit the kobold.
You kill the kobold!
Okay, then.
It was a potion of haste.
You feel yourself speed up.
You hit the ogre.
The ogre is moderately wounded.
The ogre barely misses you.
You hit the ogre.
The ogre is moderately wounded.
You hit the ogre.
The ogre is heavily wounded.
The ogre hits you with a +0 giant spiked club!!
Ouch! That really hurt!
You die...

.....# #........... .....#
#........... .....# #..)........
.....# #........... .....#
#........... .....# #...(.....<.
.....######## #..O......(.
.†..........########†#########
................@O)..#
)##.#######.##########
.##.#######.# .##.........#
.##..########
###..############################
#..>..†........................
####.############################
.......#


You could see an ogre.

Vanquished Creatures
  3 adders (D:2)
  2 dart slugs (D:1)
  A leopard gecko (D:1)
  5 bats
  3 giant cockroaches (D:1)
  3 goblins
  5 hobgoblins
  4 kobolds (D:2)
  2 rats
28 creatures vanquished.

Notes
Turn   | Place    | Note
-------+----------+-------------------------------------------
     0 | D:1      | Borgoz the Gargoyle Gladiator began the quest for the Orb.
     0 | D:1      | Reached XP level 1. HP: 12/12 MP: 1/1
    41 | D:1      | Reached XP level 2. HP: 18/18 MP: 2/2
   646 | D:2      | Reached XP level 3. HP: 22/22 MP: 3/3
   795 | D:2      | Reached skill level 1 in Armour
   959 | D:2      | Reached XP level 4. HP: 27/27 MP: 4/4
   963 | D:2      | Noticed an ogre
   984 | D:2      | Mangled by an ogre

Levels and vault maps discovered:
D:1:      kennysheep_arrival_forest, layout_rooms, hex_medium
D:2:      layout_basic

Skill      XL: |  1  2  3 |
---------------+----------+-----
Short Blades   | 3 |  3.3
Armour         | 1 |  1.2
Dodging        | 3 |  3.0
Fighting       | |  2.7
Throwing       | |  1.7

Action                   |  1- 3 |  4- 6 || total
-------------------------+-------+-------++-------
Melee: Rapier            |    95 |    11 ||   106
  Use: Potion            |       |     1 ||     1
Armor: Leather armour    |    40 |     4 ||    44
Dodge: Dodged            |    71 |     8 ||    79

Table legend:
 A = Non-vault XP
 B = Vault XP
 C = Vault XP percentage of total XP
 D = Non-vault monster count
 E = Vault monster count
 F = Vault count percentage of total count
                 A         B        C        D         E       F
            +---------+---------+-------+---------+---------+-------
      Total |      88 |       0 |   0.0 |      28 |       0 |   0.0
            +---------+---------+-------+---------+---------+-------
        D:1 |      30 |       0 |   0.0 |      14 |       0 |   0.0
        D:2 |      58 |       0 |   0.0 |      14 |       0 |   0.0
            +---------+---------+-------+---------+---------+-------
